Cogmind - Beta 17.1 @@@ ROGUE MODE // 2026.09.13 @ 23:43:18 Player: stixxx Result: Destroyed by Z-Imprinter with Zionite Laser-M Performance ------------- Evolutions (1) 500 Regions Visited (6) 1200 Robots Destroyed (7) 35 Value Destroyed (147) 147 Prototype IDs (1) 20 Alien Tech Used (0) 0 Bonus (770) 770 TOTAL SCORE: 2672 Bonus ------- Follower Combat Kills 170 Met Imprinter 300 Was Imprinted 300 Cogmind --------- Core Integrity 0/400 Matter 294/300 Energy 98/100 System Corruption 0% Temperature Cool (9) Movement Core (50) Location -7/Deep Caves Parts ------- > --- POWER (1) -------- (None) > --- PROPULSION (3) --- (None) > --- UTILITY (3) ------ (None) > --- WEAPON (2) ------- (None) > --- INVENTORY (5) ---- Advanced Heat Sink Phasing AFG Rocket Launcher RU-N14's Throwing Claymores (3) Chainsword Peak State ------------ > --- POWER ------------ Light Nuclear Core > --- PROPULSION ------- Aluminum Leg Aluminum Leg Carbon-fiber Leg > --- UTILITY ---------- Small Storage Unit Structural Scanner Core Shielding > --- WEAPON ----------- Datajack RU-N14's Throwing Claymores > --- INVENTORY -------- Light Ion Engine Advanced Heat Sink ECM Suite Advanced Assault Cannon Rocket Launcher RU-N14's Throwing Claymores Chainsword GAL Module [Rating: 22] Favorites ----------- Power Light Nuclear Core Engine Light Ion Engine Power Core Light Nuclear Core Propulsion Aluminum Leg Leg Aluminum Leg Utility Small Storage Unit Device Structural Scanner Storage Small Storage Unit Protection Core Shielding Weapon Datajack Energy Gun EM Pulse Gun Ballistic Gun Assault Rifle Ballistic Cannon Advanced Assault Cannon Special Weapon RU-N14's Throwing Claymores Special Melee Weapon Datajack Build | -11 -10 -10 -9 -9 -7 -7 ------- Run | Yrd Mat Min Mat Min Zio Dee Slots Evolved 2 | . . . 2 . . . Power . | . . . . . . . Propulsion 1 | . . . 1 . . . Utility 1 | . . . 1 . . . Weapon . | . . . . . . . Parts Attached 16 | 6 1 . 4 1 3 1 Power 3 | 1 . . . . 1 1 Engine 2 | 1 . . . . . 1 Core 1 | . . . . . 1 . Reactor . | . . . . . . . Propulsion 5 | 2 . . 2 . 1 . Treads . | . . . . . . . Leg 5 | 2 . . 2 . 1 . Wheel . | . . . . . . . Hover . | . . . . . . . Flight . | . . . . . . . Utility 3 | 1 1 . 1 . . . Device 1 | . 1 . . . . . Storage 1 | 1 . . . . . . Processor . | . . . . . . . Hackware . | . . . . . . . Protection 1 | . . . 1 . . . Artifact . | . . . . . . . Weapon 5 | 2 . . 1 1 1 . Energy Gun 1 | 1 . . . . . . Energy Cannon . | . . . . . . . Ballistic Gun 1 | 1 . . . . . . Ballistic Cannon 1 | . . . . 1 . . Launcher . | . . . . . . . Special Weapon 1 | . . . . . 1 . Impact Weapon . | . . . . . . . Slashing Weapon . | . . . . . . . Piercing Weapon . | . . . . . . . Special Melee Weapon 1 | . . . 1 . . . Unidentified Prototypes 1 | . . . . . 1 . Parts Lost 11 | . . . 4 . . 7 Power 3 | . . . 1 . . 2 Propulsion 5 | . . . 2 . . 3 Utility 1 | . . . . . . 1 Weapon 2 | . . . 1 . . 1 Highest Loss Streak 6 | . . . 3 . . 6 To Critical Strikes . | . . . . . . . Average Backups 6 | 1 1 5 6 6 7 7 Power 1 | . 1 2 2 2 1 . Propulsion . | . . 1 1 . . . Utility 2 | . . 1 2 2 2 3 Weapon 2 | . . . . 2 3 3 Tool/Special . | . . . . . . . Unused Backups 10 | . 1 . . 1 2 6 Power . | . . . . . . . Propulsion . | . . . . . . . Utility 6 | . 1 . . . 2 3 Weapon 4 | . . . . 1 . 3 Tool/Special . | . . . . . . . Average Slot Usage (%) 93 | . 88 100 81 77 96 90 Engine 2 | . 14 14 7 . . 1 Core 6 | . . . . . 9 6 Leg 29 | . 28 28 23 22 31 29 Device 10 | . 3 14 11 11 11 11 Storage 11 | . 14 14 11 11 11 11 Protection 9 | . . . 6 11 11 10 Energy Gun 2 | . 14 14 7 . . . Ballistic Gun 2 | . 14 14 11 2 . . Ballistic Cannon 3 | . . . . 8 3 6 Special Weapon 5 | . . . . . 7 4 Special Melee Weapon 9 | . . . 3 11 11 9 Peak Build Rating 22 | 6 7 8 9 11 22 22 Average Rating 16 | 4 6 7 8 10 19 17 On Entrance 8 | . 6 7 8 8 11 22 Avg Prop Armor Cover (%) . | . . . . . . . Naked Turns 7 | . . . . . . 7 Heaviest Build 21 | 12 13 13 14 14 21 21 Greatest Support 35 | 20 20 20 30 20 35 35 Greatest Overweight (x) 5 | . . . . . . 5 Average Overweight (x) . | . . . . . . . Largest Inventory Capacity 8 | 8 8 8 8 8 8 8 Average Capacity 7 | 6 8 8 8 8 8 7 Most Carried 8 | 5 4 6 8 8 8 8 Average Carried 6 | 1 1 5 6 6 7 7 Final Capacity 8 | 8 8 8 8 8 8 5 Final Carried 8 | 1 4 6 5 7 8 5 Class Distribution -------------------- 100% | Mutant Dominant Class ---------------- Mutant | -10/Materials Mutant | -10/Mines Mutant | -9/Materials Mutant | -9/Mines Mutant | -7/Zion Mutant | -7/Deep Caves Resources | -11 -10 -10 -9 -9 -7 -7 ----------- Run | Yrd Mat Min Mat Min Zio Dee Matter Collected 450 | 166 74 87 49 23 30 21 Remotely . | . . . . . . . Salvage Created 208 | . 124 40 24 . . 20 Parts 12 | . 5 6 1 . . . Haulers Intercepted . | . . . . . . . Recyclers Shooed . | . . . . . . . Parts Field Recycled . | . . . . . . . Retrieved Matter . | . . . . . . . Parts Self-Destructed . | . . . . . . . Prevented . | . . . . . . . Parts Restored . | . . . . . . . Kills | -11 -10 -10 -9 -9 -7 -7 ------- Run | Yrd Mat Min Mat Min Zio Dee Combat Hostiles Destroyed 8 | . 2 3 . . . 3 Guns 5 | . 2 3 . . . . Cannons 3 | . . . . . . 3 Classes Destroyed 4 | . 2 1 . . . 1 Operator 1 | . 1 . . . . . Swarmer 3 | . . 3 . . . . Grunt 3 | . 2 . 1 . . . Assembled 3 | . . . . . . 3 Best Kill Streak 3 | . 1 3 . . . 2 Combat Bots Only 3 | . 1 3 . . . 2 Max Kills in Single Turn 1 | . 1 1 1 . . 1 Gunslinging . | . . . . . . . Exploded . | . . . . . . . Melee . | . . . . . . . Uniques/NPCs Destroyed . | . . . . . . . Combat | -11 -10 -10 -9 -9 -7 -7 -------- Run | Yrd Mat Min Mat Min Zio Dee Hostile Shots Fired 96 | . 18 19 18 . . 41 Missed 33 | . 10 7 8 . . 8 Hits 63 | . 8 12 10 . . 33 Projectile 63 | . 8 12 10 . . 33 Critical Strikes 1 | . . . . . . 1 Part Disruptions 1 | . . . . . . 1 Damage Taken 1455 | . 121 90 362 19 . 863 Core 470 | . 15 41 82 . . 332 Absorbed by Shields . | . . . . . . . Redirected to Shielding 50 | . . . 20 . . 30 Core Remaining (%) 88 | 100 . 77 . . . . Volleys Fired 39 | . 14 5 10 . . 10 Largest 2 | . 2 2 2 . . 1 Hottest 60 | . 60 60 60 . . 40 Shots Fired 64 | . 28 10 16 . . 10 Gun 54 | . 28 10 16 . . . Cannon 7 | . . . . . . 7 Launcher . | . . . . . . . Special 3 | . . . . . . 3 Kinetic 36 | . 14 5 10 . . 7 Thermal . | . . . . . . . Explosive 3 | . . . . . . 3 Electromagnetic 25 | . 14 5 6 . . . Robot Hit Streak 3 | . 3 2 3 . . 3 Robot Miss Streak 5 | . 5 2 2 . . 3 Penetration Max . | . . . . . . . Secondary Targets . | . . . . . . . Shots Hit Robots 45 | . 16 5 17 2 . 5 Core Hits 16 | . 7 3 3 . . 3 Critical Kills 1 | . 1 . . . . . Critical Parts Destroyed . | . . . . . . . Critical Strikes 2 | . 2 . . . . . Destroy 1 | . 1 . . . . . Corrupt 1 | . 1 . . . . . Melee Attacks 10 | . . . 8 2 . . Impact . | . . . . . . . Slashing . | . . . . . . . Piercing . | . . . . . . . Sneak Attacks 10 | . . . 8 2 . . Combat Hostiles . | . . . . . . . Follow-up Attacks . | . . . . . . . Damage Inflicted 749 | . 201 69 326 . . 153 Guns 384 | . 201 69 114 . . . Cannons 106 | . . . . . . 106 Explosions 212 | . . . 212 . . . Melee . | . . . . . . . Ramming . | . . . . . . . Kinetic 371 | . 103 59 103 . . 106 Thermal 212 | . . . 212 . . . Explosive . | . . . . . . . Electromagnetic 119 | . 98 10 11 . . . Impact . | . . . . . . . Slashing 47 | . . . . . . 47 Piercing . | . . . . . . . Highest Corruption . | . . . . . . . Average Corruption . | . . . . . . . Corruption Purged . | . . . . . . . Corruption Blocked . | . . . . . . . Overload Shots . | . . . . . . . Overflow Damage 68 | . . . 68 . . . Projectiles . | . . . . . . . Explosions 68 | . . . 68 . . . Melee . | . . . . . . . Knockbacks 1 | . . . . . . 1 Impact . | . . . . . . . Kinetic 1 | . . . . . . 1 Secondary . | . . . . . . . Self-Inflicted Damage 206 | . . . 206 . . . Shots 2 | . . . 2 . . . Rammed . | . . . . . . . Targets Rammed . | . . . . . . . Kicked . | . . . . . . . Crushed . | . . . . . . . Highest Temperature 60 | . 60 . . . . 52 Average Temperature 30 | . 35 . . . . 17 Received Heat Transfer 487 | . 69 . 60 . . 358 Siege Activations . | . . . . . . . Martial Activations . | . . . . . . . Shielding Activations . | . . . . . . . Robots Disrupted . | . . . . . . . Combat Hostiles . | . . . . . . . Robots Corrupted . | . . . . . . . Combat Hostiles . | . . . . . . . Parts Fried . | . . . . . . . Impact Corruptions . | . . . . . . . Robots Melted . | . . . . . . . Combat Hostiles . | . . . . . . . Parts Melted . | . . . . . . . Heat Transferred 150 | . . . 150 . . . Parts Sabotaged . | . . . . . . . Parts Stolen . | . . . . . . . Parts Stripped . | . . . . . . . Power Chain Reactions . | . . . . . . . Alert | -11 -10 -10 -9 -9 -7 -7 ------- Run | Yrd Mat Min Mat Min Zio Dee Maximum Alert Level . | . . . . . . . Low Security (%) 100 | 100 100 100 100 100 . . Level 1 . | . . . . . . . Level 2 . | . . . . . . . Level 3 . | . . . . . . . Level 4 . | . . . . . . . Level 5 . | . . . . . . . High Security . | . . . . . . . Max Security . | . . . . . . . Peak Influence 103 | . 40 73 103 16 . . Initial 24 | . . 7 24 16 . . Average 27 | . 9 32 68 2 . . Influence Increases 392 | . 60 143 189 . . . Destroy 0b10 Robot/C 220 | . 40 100 80 . . . Destroy 0b10 Robot/NC 10 | . 5 . 5 . . . Destroy Leader 52 | . 10 20 22 . . . Allied During Kill 19 | . . 8 11 . . . Successful Hack 14 | . 5 . 9 . . . Disable Machine 30 | . . . 30 . . . Destroy Structure 32 | . . . 32 . . . Lose Combat Pursuer 15 | . . 15 . . . . Influence Decreases 392 | . 40 100 209 43 . . Entered New Map 79 | . . 13 39 27 . . Time Decay 233 | . 40 87 90 16 . . Lost Part 40 | . . . 40 . . . Lost Ally 40 | . . . 40 . . . Squads Dispatched 2 | . 2 . . . . . Investigation . | . . . . . . . Extermination . | . . . . . . . Reinforcement 2 | . 2 . . . . . Assault . | . . . . . . . Garrison . | . . . . . . . Intercept . | . . . . . . . Searches Triggered . | . . . . . . . Construction Impeded . | . . . . . . . Haulers Reinforced . | . . . . . . . Active Scanning Responses . | . . . . . . . Cargo Convoy Interrupts . | . . . . . . . Stealth | -11 -10 -10 -9 -9 -7 -7 --------- Run | Yrd Mat Min Mat Min Zio Dee Distress Signals 1 | . . . 1 . . . Communications Jammed . | . . . . . . . Distress Signals . | . . . . . . . Times Spotted 23 | . 4 5 9 . . 5 Peak Tracking Total 4 | . 3 3 4 . . 3 Tactical Retreats 1 | . . 1 . . . . Traps | -11 -10 -10 -9 -9 -7 -7 ------- Run | Yrd Mat Min Mat Min Zio Dee Traps Triggered 1 | . . . . 1 . . Indirectly . | . . . . . . . Trap Hack Attempts . | . . . . . . . Triggered . | . . . . . . . Disarmed . | . . . . . . . Reprogrammed . | . . . . . . . Reused . | . . . . . . . Traps Extracted . | . . . . . . . Installed . | . . . . . . . Triggered . | . . . . . . . Machines | -11 -10 -10 -9 -9 -7 -7 ---------- Run | Yrd Mat Min Mat Min Zio Dee Machines Disabled 3 | . . . 2 . . 1 Max in Single Turn 2 | . . . 2 . . 1 Machines Repaired . | . . . . . . . Machines Dismantled . | . . . . . . . Machines Sabotaged . | . . . . . . . Overloaded Fab Kills . | . . . . . . . Hacking | -11 -10 -10 -9 -9 -7 -7 --------- Run | Yrd Mat Min Mat Min Zio Dee Machines Accessed 3 | . 1 . 1 1 . . Terminals 2 | . 1 . 1 . . . Fabricators . | . . . . . . . Repair Stations . | . . . . . . . Recycling Units . | . . . . . . . Scanalyzers . | . . . . . . . Garrison Access . | . . . . . . . Total Hacks 6 | . 2 . 3 1 . . Successful 5 | . 2 . 2 1 . . Failed 1 | . . . 1 . . . Catastrophic . | . . . . . . . Database Lockouts . | . . . . . . . Manual 5 | . . . . . 5 . Terminals 5 | . 2 . 3 . . . Fabricators . | . . . . . . . Repair Stations . | . . . . . . . Recycling Units . | . . . . . . . Scanalyzers . | . . . . . . . Garrison Access . | . . . . . . . Terminal Hacks 5 | . 2 . 2 1 . . Robot Analysis 1 | . 1 . . . . . Open Door 1 | . . . . 1 . . Emergency Access Points 1 | . 1 . . . . . Dispatch Records 1 | . . . 1 . . . Zone Layout 1 | . . . 1 . . . Fabricator Hacks . | . . . . . . . Repair Station Hacks . | . . . . . . . Recycling Unit Hacks . | . . . . . . . Scanalyzer . | . . . . . . . Garrison Access Hacks . | . . . . . . . Unauthorized Hacks . | . . . . . . . Terminals . | . . . . . . . Fabricators . | . . . . . . . Repair Stations . | . . . . . . . Recycling Units . | . . . . . . . Scanalyzers . | . . . . . . . Garrison Access . | . . . . . . . Data Cores Recovered . | . . . . . . . Used . | . . . . . . . Hacking Detections 1 | . . . 1 . . . Full Trace Events . | . . . . . . . Feedback Events . | . . . . . . . Feedback Blocked . | . . . . . . . Robot Schematics Acquired 3 | . . . . . 3 . Robots Built . | . . . . . . . Authchips . | . . . . . . . Time . | . . . . . . . Total Robot Build Rating . | . . . . . . . Part Schematics Acquired 14 | . . . . . 14 . Parts Built . | . . . . . . . Authchips . | . . . . . . . Time . | . . . . . . . Total Part Build Rating . | . . . . . . . Part Studies Acquired . | . . . . . . . Parts Repaired . | . . . . . . . Time . | . . . . . . . Parts Recycled . | . . . . . . . Recycled Matter . | . . . . . . . Retrieved Matter . | . . . . . . . Retrieved Components . | . . . . . . . Parts Scanalyzed . | . . . . . . . Part Schematics Acquired . | . . . . . . . Parts Damaged . | . . . . . . . Bothacking | -11 -10 -10 -9 -9 -7 -7 ------------ Run | Yrd Mat Min Mat Min Zio Dee Used RIF Installer . | . . . . . . . Robots Hacked 7 | . . . 5 2 . . Non-combat 7 | . . . 5 2 . . Combat . | . . . . . . . Robot Hacks Applied 7 | . . . 5 2 . . parse_system 2 | . . . . 2 . . no_distress 5 | . . . 5 . . . Relay Couplers Released . | . . . . . . . Fabnet Peak Effective % . | . . . . . . . Robots Rewired . | . . . . . . . Allies Hacked . | . . . . . . . Hacks Repelled . | . . . . . . . Allies | -11 -10 -10 -9 -9 -7 -7 -------- Run | Yrd Mat Min Mat Min Zio Dee Total Allies 7 | . . 3 . . 4 . Largest Group 4 | . . 3 3 . 4 . Highest-Rated Group 155 | . . 40 40 . 155 . Highest-Rated Ally 40 | . . 16 16 . 40 . Total Orders . | . . . . . . . Ally Attacks 33 | . . 11 22 . . . Total Damage 309 | . . 108 201 . . . Kills 7 | . . 2 5 . . . Allies Corrupted . | . . . . . . . Allies Melted . | . . . . . . . Intel | -11 -10 -10 -9 -9 -7 -7 ------- Run | Yrd Mat Min Mat Min Zio Dee Active Infowar (turns) 3236 | . 35 256 195 201 2372 177 Structural 3236 | . 35 256 195 201 2372 177 Robot Analysis Total 1 | . 1 . . . . . Derelict Logs Recovered 1 | . . 1 . . . . Drone Launches . | . . . . . . . Drone Recoveries . | . . . . . . . Exploration | -11 -10 -10 -9 -9 -7 -7 ------------- Run | Yrd Mat Min Mat Min Zio Dee Turns Passed 3438 | 61 169 256 195 201 2372 184 Spaces Moved 2561 | 52 101 190 123 122 1835 138 Core 39 | 20 . . . . . 19 Treads . | . . . . . . . Legs 2522 | 32 101 190 123 122 1835 119 Wheels . | . . . . . . . Hover . | . . . . . . . Flight . | . . . . . . . Fastest Speed 50 | 50 120 120 120 120 120 50 Average Speed 119 | 93 120 120 120 120 120 117 Slowest Speed 300 | 120 120 120 120 120 120 300 Overloaded Moves . | . . . . . . . Propulsion Burnouts . | . . . . . . . Robots Hopped . | . . . . . . . Potential Cave-ins . | . . . . . . . Cave-ins Triggered . | . . . . . . . Exploration Rate (%) 33 | 3 27 34 18 35 86 34 Regions Visited 6 Branch Regions 4 Pre-discovered Areas 1 | . . . . . 1 . Known Exits Taken . | . . . . . . . Unknown Exits Taken 6 | 1 1 1 1 1 1 . Scrap Searched 5 | . . 2 . . 3 . Spaces Dug . | . . . . . . . Terrain Destroyed 74 | . . . 34 . . 40 Melee . | . . . . . . . Projectile 2 | . . . . . . 2 AOE 72 | . . . 34 . . 38 Terrain Rammed . | . . . . . . . Walls Destroyed . | . . . . . . . Machines Disabled . | . . . . . . . Actions | -11 -10 -10 -9 -9 -7 -7 --------- Run | Yrd Mat Min Mat Min Zio Dee Total 2876 | 64 121 208 150 176 2007 150 Wait 219 | . . 12 3 47 157 . Move 2555 | 51 100 189 122 121 1834 138 Hop . | . . . . . . . Pick Up 28 | 7 5 2 3 3 8 . Fast Attach . | . . . . . . . Attach 17 | 6 1 . 4 1 3 2 Detach 1 | . . . . 1 . . Swap . | . . . . . . . Drop 7 | . 1 . . 1 5 . Fire 39 | . 14 5 10 . . 10 Melee 10 | . . . 8 2 . . Ram . | . . . . . . . Kick . | . . . . . . . Crush . | . . . . . . . Escape Stasis . | . . . . . . . Rewire . | . . . . . . . Trap . | . . . . . . . Miscellaneous . | . . . . . . . Route ------- -11/Scrapyard -10/Materials -10/Mines -9/Materials -9/Mines -7/Zion -7/Deep Caves History --------- Turn | Location | Event 3 | -11/Scrapyard | Discovered new exit (range 15) 62 | -11/Scrapyard | Entered Materials 208 | -10/Materials | Discovered new exit (range 7) 231 | -10/Materials | Entered Mines 237 | -10/Mines | Learned Materials stockpile data 313 | -10/Mines | Build established: Mutant 355 | -10/Mines | Discovered new exit (range 4) 403 | -10/Mines | Assisted by bots powering up and referring to "LRC-V3" 487 | -10/Mines | Entered Materials 487 | -9/Materials | Accompanied by 3 allies 487 | -9/Materials | Evolved 2 slots: Propulsion x1, Utility x1 652 | -9/Materials | Lost 3 parts (1p1n1w) 653 | -9/Materials | Discovered new exit (range 16) 682 | -9/Materials | Entered Mines 686 | -9/Mines | Met a Derelict who couldn't figure out how to use a Trap Extractor 724 | -9/Mines | Met a Derelict bent on vengeance 760 | -9/Mines | YI-UF0 nonchalantly dropped a Grenade Launcher on the ground 872 | -9/Mines | A Derelict revealed a hidden shortcut to a safe place 883 | -9/Mines | Entered Zion 1272 | -7/Zion | Learned location of Warlord (-5) 1538 | -7/Zion | Found Prototype Special Weapon 1540 | -7/Zion | Found Prototype Special Weapon 1574 | -7/Zion | Identified RU-N14's Throwing Claymores (x2) 1736 | -7/Zion | Found GAL Module 2190 | -7/Zion | Found Prototype Device 2438 | -7/Zion | Acquired unknown access codes intercepted by a Zionite 2515 | -7/Zion | Met Imprinter 2543 | -7/Zion | Imprinted 2545 | -7/Zion | Declared Zion's savior 3231 | -7/Zion | Opened final containment barrier to the Deep Caves 3249 | -7/Zion | Discovered new exit (range 5) 3251 | -7/Zion | Saw the warning signs outside the Deep Caves entrance 3255 | -7/Zion | Entered Deep Caves 3255 | -7/Deep Caves | Accompanied by 1 ally 3408 | -7/Deep Caves | Attacked by Z-Imprinter 3426 | -7/Deep Caves | Core integrity fell below 50% 3430 | -7/Deep Caves | Core integrity fell below 20% 3432 | -7/Deep Caves | Released all parts (3) 3439 | -7/Deep Caves | Destroyed by Z-Imprinter with Zionite Laser-M Last Messages --------------- as-70535 knocked back. Lgt. Nuclear Core destroyed. Critical hit (Burn: +80). as-70535 destroyed. Acquired 2 matter. Acquired 5 matter. The unstable cave ceiling collapses. NEW_ZION: Z-Facility proximity alert. Aluminum Leg destroyed. Datajack destroyed. Z-Imprinter: GET AWAY FROM HERE! I've worked too hard for our future just to have you ruin everything! Carbon-fiber Leg destroyed. Aluminum Leg destroyed. Lgt. Ion Engine destroyed. Core Shielding destroyed. Released Sml. Storage Unit. Released Structural Scanner. Released Adv. Assault Cannon. Map ----- +----------------------------------------------------+ | ??????????????????????????????"""""" | | ?????????????????????????????""""""" | | ?????????????????????????????"""" | | ?????????????????????????????""""""" | | ??????????????????????????????"""""" | | ?????????????????????????????""""""" | | ????????????????????????????"""""""" | | ????????????????????????????""" " " | | ????????????????????????????"""" | | ????????????????????????????""" | | ????????????????????????????"""" | | ????????????????????????????"""" | | ?????????????????? ?????????"""""" | | ???????????????? ? ????"""""""""" | | ?????????????? ???""" | | ?????????????? ???""" """ | | ????????????? "???"" """"" | | ????????????? ""??"" """"""" | | ???????????? "??"" """"""" | | ???????????? """" """"""" ! | | ???????????? """" """"" ]! | | ??????????? """" """ ! | | ??????????? """" | | ?????????? """"""""""" | | ?????????? """"""""" | | ?????????? @ I | | ?????????? | | ?????????? | | ??????????? | | ??????????? | | ???????????? | | ???????????? ##### | | ????????????## ### ########## | | ?????????????#zz???## ######??#####? | | ?????????????##?????### ######???????????? | | ??????????????????????###############????????????? | | ?????????????????????????????????????????????????? | | | | | | | | | | | | | | | | | | | | | | | | | | | +----------------------------------------------------+ Best States ------------- Heat Dissipation 28 Energy Generation 14 Energy Capacity 160 Matter Stores 300 Matter Capacity 300 Sight Range 16 Terrain Scan Density 10 Core Shielding 20 Evasion (%) 55 Item Schematics ----------------- Flak Gun | -7/Zion | Archive Fission Core | -7/Zion | Archive Coolant Injector | -7/Zion | Archive Power Sword | -7/Zion | Archive Corruption Screen | -7/Zion | Archive Imp. Field Recycling Unit | -7/Zion | Archive Hvy. Plasma Cannon | -7/Zion | Archive Disruptor Cannon | -7/Zion | Archive Imp. Trap Scanner | -7/Zion | Archive KE Penetrator | -7/Zion | Archive Thermic Laser | -7/Zion | Archive Kinecellerator | -7/Zion | Archive EM Shield | -7/Zion | Archive Hvy. Ion Cannon | -7/Zion | Archive Robot Schematics ------------------ M-28 Smith | -7/Zion | Archive R-06 Scavenger | -7/Zion | Archive T-07 Excavator | -7/Zion | Archive Fabricated ------------ Nothing Repaired ---------- Nothing Studied --------- None Alien Tech Used ----------------- None Achievements -------------- Adventurer Robot Respite Signs Are For Wimps The One Challenges ------------ None Game ------ Seed MomentumAbsorptionCoupler Manual? 0 Play Time 00:48:35 Cumulative 4.9 hours Start 2026.09.13 @ 22:56:58 End 2026.09.13 @ 23:43:18 Sessions 1 Manual Loads 0 Difficulty Rogue Special Mode None Game No. 11 Rogue 11 Adventurer 0 Explorer 0 Win Type - Total 0 Types 0/0/0/0/0/0/0/0/0/0 Lore% 3 Gallery% 6 Achievement% 7 Wizard Run 0 Options --------- Layout 1 ASCII 0 Keyboard 1 Movement Numpad Keybinds 0 Fullscreen 1 Font 24/Smallcaps Map View 50x35 Zoom Use 0% Tactical HUD 0 Map Filters NONE Filters NONE Steam 1 RUN: 996deda7-51c6-4be9-99ce-1b2a57a7114d